 Dungeon Sprint DCSS version 0.30-a0-140-gd1020e658a (webtiles) character file.

Game seed: 14585611175641427395

4803 mhtbhm the Earth Mage (level 10, -7/55 HPs)
             Began as a Gargoyle Earth Elementalist on Sept 24, 2022.
             Was a High Priest of Vehumet.
             Engulfed by a cloud of flame (20 damage)
             ... in the Dungeon (Sprint III: "The Ten Rune Challenge").
             The game lasted 00:05:11 (2019 turns).

mhtbhm the Earth Mage (Gargoyle Earth Elementalist) Turns: 2019, Time: 00:05:12

Health: -7/55      AC: 12    Str: 12    XL:     10   Next: 48%
Magic:  20/28      EV: 13    Int: 20    God:    Vehumet [*****.]
Gold:   17         SH:  0    Dex: 10    Spells: 17/37 levels left

rFire   . . .      SeeInvis .    (no weapon)
rCold   . . .      Faith    .    (no shield)
rNeg    + . .      Spirit   .    a - +0 robe
rPois   ∞          Reflect  .    (no helmet)
rElec   +          Harm     .    h - +0 cloak
rCorr   .          Rampage  .    (no gloves)
Will    .....      NoTele   +    (no boots)
Stlth   +++.......               (no amulet)
HPRegen 0.18/turn                (no ring)
MPRegen 0.21/turn                (no ring)

@: no status effects
A: sickness immunity, AC +7, negative energy resistance 1, electricity
resistance, torment resistance 1, petrification resistance, iridescent scales 1,
robust 1
a: Renounce Religion


You were in the Dungeon.
You worshipped Vehumet.
Vehumet was extremely pleased with you.
You visited 1 branch You collected 17 gold pieces.

Inventory:

Armour
 a - a +0 robe (worn)
 h - a +0 cloak (worn)
Wands
 l - a wand of digging (1)
Scrolls
 g - a scroll of blinking
 i - 2 scrolls of poison
 j - a scroll of identify
Potions
 b - 3 potions of magic
 c - 2 potions of curing
 d - a potion of heal wounds
 e - a potion of haste
 f - 2 potions of mutation
 k - 3 potions of flight
Miscellaneous
 m - a phial of floods


   Skills:
 + Level 5.4 Dodging
 + Level 5.2 Stealth
 - Level 0.6 Unarmed Combat
 + Level 14.0 Spellcasting
 + Level 9.9 Conjurations
 + Level 1.9 Transmutations
 + Level 2.2 Fire Magic
 + Level 17.6 Earth Magic
 + Level 1.7 Evocations


You had 17 spell levels left.
You knew the following spells:

 Your Spells              Type           Power      Damage    Failure   Level
a - Sandblast             Erth           100%       2d20      0%          1
b - Passwall              Tmut/Erth      43%        N/A       1%          2
c - Stone Arrow           Conj/Erth      100%       3d13      1%          3
d - Petrify               Tmut/Erth      52%        N/A       1%          4
e - Sticky Flame          Conj/Fire      38%        2d6       1%          4
f - Scorch                Fire           46%        2d7       1%          2
g - Flame Wave            Conj/Fire      38%        2d10      1%          4

Your spell library contained the following spells:

 Spells                   Type           Power      Damage    Failure   Level
 Magic Dart               Conj           100%       1d8       1%          1
 Shock                    Conj/Air       100%       1d9       1%          1
 Portal Projectile        Hex/Tloc       28%        N/A       14%         3
 Tukima's Dance           Hex            14%        N/A       14%         3
 Orb of Destruction       Conj           26%        9d9       17%         7
 Blade Hands              Tmut           11%        N/A       50%         5


Dungeon Overview and Level Annotations

Branches:
Dungeon (1/1)

Altars:
Cheibriados
Dithmenos
Elyvilon
Fedhas
Gozag
Hepliaklqana
Kikubaaqudgha
Makhleb
Nemelex Xobeh
Okawaru
Qazlal
Ru
Sif Muna
Trog
Uskayaw
Vehumet
Wu Jian
Xom
Yredelemnul
Zin
The Shining One
Jiyva
Lugonu


Innate Abilities, Weirdness & Mutations

You are immune to sickness and miasma.
Your stone body is resilient. (AC +7)
You are immune to poison.
You resist negative energy. (rN+)
You are resistant to electric shocks. (rElec)
You are resistant to unholy torment.
You are immune to petrification.
You are partially covered in iridescent scales. (AC +2)
You are robust. (+10% HP)


Message History

Press: ? - help, Shift-Dir - straight line, f - redback
Aim: a redback (steam, heavily wounded, 72% to hit)
The stone arrow misses the redback.
You are engulfed in blazing flames.
The redback is engulfed in a cloud of scalding steam.
The redback splashes around in the water.
The forest fire spreads!
Unknown command.
Unknown command.
Casting: Stone Arrow (safe; 1% risk of failure)
Confirm with . or Enter, or press ? or * to list all spells.
Aiming: Stone Arrow (safe; 1% risk of failure)
Press: ? - help, Shift-Dir - straight line, f/p - redback
Aim: a redback (severely wounded, 72% to hit)
The stone arrow hits the redback!
You kill the redback!
Vehumet accepts your kill.
You feel your power returning.
You are engulfed in blazing flames.
The forest fire spreads!
Unknown command.
Casting: Stone Arrow (safe; 1% risk of failure)
Confirm with . or Enter, or press ? or * to list all spells.
Aiming: Stone Arrow (safe; 1% risk of failure)
Press: ? - help, Shift-Dir - straight line, f - redback
Aim: a redback (flame, 72% to hit)
The stone arrow hits the redback!
The redback is heavily wounded.
You are engulfed in blazing flames.
* * * LOW HITPOINT WARNING * * *
The redback is engulfed in blazing flames.
Unknown command.
Casting: Stone Arrow (safe; 1% risk of failure)
Confirm with . or Enter, or press ? or * to list all spells.
Aiming: Sandblast (safe; 0% risk of failure)
Press: ? - help, Shift-Dir - straight line, f/p - redback
Aim: a redback (almost dead, 82% to hit)
The blast of sand hits the redback!!
You kill the redback!
Vehumet accepts your kill.
You feel your power returning.
You are engulfed in blazing flames.
You die...

##.†# #....#.⌠.#__#...#+#########
#†..##.....#...#__#...#....#.#.#.
....#......#)###__#...##.#).#.##.
..##.#.....#.).#__#...'##.#.#.##)
.. ####....#___#__'...#...#..#..#
▓▓ ▓▓▓▓▓▓▓▓▓▓▓▓▓▓▓▓▓▓▓▓▓▓▓▓▓▓▓
♣....§§§§§§§§........~~~
♣.≈≈≈§§§§§§§≈≈≈≈≈≈≈≈≈≈≈♣
+§....#@†§..♣♣♣♣♣♣♣♣♣♣♣♣
♣♣....#....♣§♣ ♣....w###+..§♣
#♣..... #..# ♣♣♣♣♣. #. ♣. . ♣.


There were no monsters in sight!

Vanquished Creatures
  Erolcha (D)
  A deep elf pyromancer (D)
  2 cane toads (D)
  A rime drake (D)
  A komodo dragon (D)
  3 wandering mushrooms (D)
  A shadow (D)
  4 redbacks (D)
  A spatial vortex (D)
  A swamp drake (D)
  5 two-headed ogres (D)
  A scorpion (D)
  A water elemental (D)
  A necrophage (D)
  A jelly (D)
  A wizard (D)
  A necromancer (D)
  3 humans (D)
  A kobold demonologist (D)
  2 endoplasms (D)
  2 rats (D)
35 creatures vanquished.

Vanquished Creatures (others)
  A ballistomycete spore (D)
  2 plants (D)
3 creatures vanquished.

Grand Total: 38 creatures vanquished

Notes
Turn   | Place    | Note
-------+----------+-------------------------------------------
     0 | D        | mhtbhm the Gargoyle Earth Elementalist began the quest for
                  | the Orb.
     0 | D        | Reached XP level 1. HP: 10/10 MP: 3/3
     8 | D        | Reached skill level 4 in Earth Magic
   123 | D        | Reached skill level 5 in Earth Magic
   123 | D        | Reached XP level 2. HP: 10/15 MP: 3/6
   276 | D        | Learned a level 2 spell: Passwall
   302 | D        | Gained mutation: You occasionally lose the ability to drink
                  | potions when taking damage. [potion of mutation]
   302 | D        | Gained mutation: You are agile. (Dex +4, Str/Int -1)
                  | [potion of mutation]
   303 | D        | Lost mutation: You occasionally lose the ability to drink
                  | potions when taking damage. [potion of mutation]
   303 | D        | Lost mutation: You are agile. (Dex +4, Str/Int -1) [potion
                  | of mutation]
   303 | D        | Gained mutation: You are partially covered in iridescent
                  | scales. (AC +2) [potion of mutation]
   303 | D        | Gained mutation: You are robust. (+10% HP) [potion of
                  | mutation]
   306 | D        | Noticed a scorpion
   313 | D        | Killed a scorpion
   314 | D        | Reached skill level 5 in Spellcasting
   314 | D        | Reached skill level 1 in Transmutations
   314 | D        | Reached skill level 7 in Earth Magic
   314 | D        | Reached XP level 3. HP: 20/20 MP: 2/9
   314 | D        | Reached XP level 4. HP: 26/26 MP: 2/11
   318 | D        | Learned a level 3 spell: Stone Arrow
   323 | D        | Learned a level 4 spell: Petrify
   387 | D        | Noticed a water elemental
   390 | D        | Killed a water elemental
   391 | D        | Reached skill level 8 in Earth Magic
   391 | D        | Reached XP level 5. HP: 30/30 MP: 2/13
   476 | D        | Found a radiant altar of Vehumet.
   476 | D        | Found a shimmering blue altar of Sif Muna.
   476 | D        | Found an ancient bone altar of Kikubaaqudgha.
   478 | D        | Reached skill level 9 in Earth Magic
   483 | D        | Became a worshipper of Vehumet
   489 | D        | Got the Monograph on Conjury
   497 | D        | Learned a level 4 spell: Sticky Flame
   509 | D        | Found a basalt altar of Yredelemnul.
   509 | D        | Found a shadowy altar of Dithmenos.
   509 | D        | Found a sacrificial altar of Ru.
   511 | D        | Reached skill level 1 in Conjurations
   515 | D        | Reached skill level 10 in Earth Magic
   515 | D        | Reached XP level 6. HP: 32/35 MP: 1/16
   617 | D        | Found a glowing silver altar of Zin.
   617 | D        | Found a glowing golden altar of the Shining One.
   617 | D        | Found a white marble altar of Elyvilon.
   617 | D        | Noticed a deep elf pyromancer
   619 | D        | Killed a deep elf pyromancer
   619 | D        | Reached * piety under Vehumet
   619 | D        | Offered knowledge of Freeze by Vehumet.
   620 | D        | Reached skill level 12 in Earth Magic
   620 | D        | Reached XP level 7. HP: 39/39 MP: 13/20
   662 | D        | Found a hide-covered altar of Uskayaw.
   662 | D        | Found an iron altar of Okawaru.
   662 | D        | Found a bloodstained altar of Trog.
   662 | D        | Found an ornate altar of the Wu Jian Council.
   662 | D        | Noticed a human
   662 | D        | Noticed a human
   669 | D        | Killed a human
   670 | D        | Reached skill level 13 in Earth Magic
   671 | D        | Killed a human
   672 | D        | Reached skill level 10 in Spellcasting
   672 | D        | Reached XP level 8. HP: 32/45 MP: 5/22
   790 | D        | Offered knowledge of Foxfire by Vehumet.
   790 | D        | Reached ** piety under Vehumet
   795 | D        | Noticed a shadow
   800 | D        | Killed a shadow
   877 | D        | Found a blossoming altar of Fedhas.
   877 | D        | Found a stormy altar of Qazlal.
   877 | D        | Found a snail-covered altar of Cheibriados.
   877 | D        | Found a burning altar of Makhleb.
   877 | D        | Found a shimmering altar of Xom.
   878 | D        | Found a hazy altar of Hepliaklqana.
   878 | D        | Found an opulent altar of Gozag.
   878 | D        | Found a sparkling altar of Nemelex Xobeh.
   878 | D        | Found a corrupted altar of Lugonu.
   878 | D        | Found a viscous altar of Jiyva.
   882 | D        | Reached skill level 14 in Earth Magic
   939 | D        | Reached skill level 5 in Conjurations
   942 | D        | Offered knowledge of Scorch by Vehumet.
   942 | D        | Reached *** piety under Vehumet
   948 | D        | Learned a level 2 spell: Scorch
  1037 | D        | Noticed a two-headed ogre
  1042 | D        | Killed a two-headed ogre
  1043 | D        | Reached skill level 5 in Dodging
  1043 | D        | Reached skill level 15 in Earth Magic
  1043 | D        | Reached XP level 9. HP: 20/49 MP: 10/24
  1224 | D        | Noticed Erolcha
  1224 | D        | Noticed a two-headed ogre
  1228 | D        | Killed Erolcha
  1228 | D        | Offered knowledge of Fulminant Prism by Vehumet.
  1233 | D        | Killed a two-headed ogre
  1234 | D        | Reached skill level 16 in Earth Magic
  1234 | D        | Reached skill level 1 in Evocations
  1235 | D        | Reached **** piety under Vehumet
  1477 | D        | Offered knowledge of Olgreb's Toxic Radiance by Vehumet.
  1553 | D        | Noticed a wandering mushroom
  1557 | D        | Noticed a wandering mushroom
  1560 | D        | Killed a wandering mushroom
  1561 | D        | Reached skill level 5 in Stealth
  1562 | D        | Noticed a wandering mushroom
  1566 | D        | Killed a wandering mushroom
  1567 | D        | Reached XP level 10. HP: 53/55 MP: 14/27
  1831 | D        | Noticed a cane toad
  1831 | D        | Noticed a cane toad
  1837 | D        | Killed a cane toad
  1837 | D        | Reached ***** piety under Vehumet
  1837 | D        | Offered knowledge of Flame Wave by Vehumet.
  1838 | D        | Reached skill level 17 in Earth Magic
  1841 | D        | Reached skill level 1 in Fire Magic
  1842 | D        | Killed a cane toad
  1982 | D        | Learned a level 4 spell: Flame Wave
  2019 | D        | Engulfed by a cloud of flame

Illustrated notes

Levels and vault maps discovered:
D:        dungeon_sprint_mu [sprint_mu_entry_cave, sprint_mu_temple_rooms,
          sprint_mu_d1_spiders, sprint_mu_d2_genie, sprint_mu_d3_branching,
          sprint_mu_orc_legion, sprint_mu_elf_gauntlet, sprint_mu_hive_nellie,
          sprint_mu_lair_fedhas, sprint_mu_vaults_butterflies,
          sprint_mu_slime_circle, sprint_mu_swamp_cave, sprint_mu_snake_twists,
          sprint_mu_blade_basic, sprint_mu_crypt_fortress,
          sprint_mu_tomb_spiral, sprint_mu_vestibule_basic,
          sprint_mu_gehenna_hellfire, sprint_mu_dis_giant,
          sprint_mu_tartarus_statrot, sprint_mu_cocytus_islands, sprint_mu_zot1]

Skill      XL: |  1  2  3  4  5  6  7  8  9 10 |
---------------+-------------------------------+-----
Earth Magic    | 5 7 8 10 12 13 15 16 17 | 17.6
Spellcasting   | 3 5 7 9 10 11 13 14 | 14.0
Dodging        | 2 3 4 5 |  5.4
Stealth        | 3 4 5 |  5.2
Transmutations | 1 |  1.9
Conjurations   | 1 3 4 6 8 9 |  9.9
Evocations     | 1 |  1.7
Fire Magic     | 2 |  2.2
Unarmed Combat | |  0.6

Action                   |  1- 3 |  4- 6 |  7- 9 | 10-12 || total
-------------------------+-------+-------+-------+-------++-------
Melee: Unarmed           |    14 |       |       |       ||    14
 Cast: Sandblast         |    12 |     5 |    10 |     2 ||    29
       Passwall          |     1 |       |       |       ||     1
       Stone Arrow       |       |     8 |    37 |     8 ||    53
       Sticky Flame      |       |       |       |     4 ||     4
       Scorch            |       |       |       |     3 ||     3
       Petrify           |       |       |       |     1 ||     1
       Flame Wave        |       |       |       |     1 ||     1
Evoke: Phial of floods   |       |       |     1 |       ||     1
  Use: Potion            |     3 |       |       |       ||     3
       Scroll            |       |       |       |     2 ||     2
Armor: Robe              |     4 |     3 |     5 |     2 ||    14
Dodge: Dodged            |    10 |       |    14 |     6 ||    30

Table legend: (Time is in decaauts)
 A = Elapsed time spent in this place.
 B = Non-inter-level travel time spent in this place.
 C = Inter-level travel time spent in this place.
 D = Time resting spent in this place.
 E = Time spent auto-exploring this place.
 F = Levels seen in this place.
 G = Mean time per level.
                   A        B        C        D        E       F      G
               +--------+--------+--------+--------+--------+-----+--------+
         Total |   2046 |   2046 |      0 |   1517 |     36 |   1 | 2046.0 |
       Dungeon |   2046 |   2046 |      0 |   1517 |     36 |   1 | 2046.0 |
               +--------+--------+--------+--------+--------+-----+--------+

Top non-repeatable levels by time:
       D: 2046 daAuts
